TOP OF THE 1ST |
San Jose Giants batting - Pitching for Harrisburg Senators : LHP Manny Ruiz
|
Pitching: LHP Manny Ruiz
|
|
Batting: RHB Nick Wicker
|
0-0: Foul Ball, location: 2F 0-1: Foul Ball, location: 2F 0-2: Ball 1-2: Ball 2-2: SINGLE (Groundball, 56D, EV 97.5 MPH)
|
Batting: RHB Chris King
|
0-0: SINGLE (Line Drive, 8LS, EV 99.4 MPH) Nick Wicker to second
|
Batting: RHB Sadataka Kuwahara
|
0-0: Foul Ball, location: 2F 0-1: Ball 1-1: Ball 2-1: Fly out, F9 (Flyball, 9LMF, EV 90.0 MPH) Runner from 2nd tags up, SAFE at 3rd with throw by RF
|
Batting: LHB Tony Galvan
|
0-0: Called Strike 0-1: Ball 1-1: Ball 2-1: Foul Ball, location: 2F 2-2: Foul Ball, location: 2F 2-2: Strikes out swinging
|
Batting: RHB Dave Crouch
|
0-0: Ball 1-0: Fielders Choice at 2nd, 5-4 (Groundball, 56, EV 97.5 MPH)
|
Top of the 1st over - 0 runs, 2 hits, 0 errors, 2 left on base; San Jose 0 - Harrisburg 0 |
BOTTOM OF THE 1ST |
Harrisburg Senators batting - Pitching for San Jose Giants : RHP John Delaney
|
Pitching: RHP John Delaney
|
|
Batting: LHB Kyung-jin Cho
|
0-0: Called Strike 0-1: Called Strike 0-2: Ball 1-2: Ground out 4-3 (Groundball, 4S, EV 87.5 MPH)
|
Now at 2B: Mike Jones
|
|
Now at SS: Miguel Gonzalez
|
|
Batting: RHB Kevin Whitenack
|
0-0: Swinging Strike 0-1: Foul Ball, location: 2F 0-2: Foul Ball, location: 2F 0-2: Strikes out swinging
|
Batting: LHB Nate Melendez
|
0-0: Swinging Strike 0-1: Called Strike 0-2: SINGLE (Groundball, 4, EV 95.6 MPH)
|
Batting: RHB Donovan Auclair
|
0-0: Ball Nate Melendez steals 2nd base 1-0: Swinging Strike 1-1: Ball 2-1: SINGLE (Groundball, P, EV 84.4 MPH) (infield hit) Nate Melendez to third
|
Batting: SHB Alex Ethridge
|
0-0: Ball 1-0: SINGLE (Groundball, 6MS, EV 73.1 MPH) (infield hit) Nate Melendez scores Donovan Auclair to second
|
Batting: LHB Evan Oliveri
|
0-0: Foul Ball, location: 2F 0-1: Foul Ball, location: 2F 0-2: Foul Ball, location: 2F 0-2: Ball 1-2: Ground out 6-3 (Groundball, 6M, EV 81.9 MPH)
|
Bottom of the 1st over - 1 run, 3 hits, 0 errors, 2 left on base; San Jose 0 - Harrisburg 1 |
TOP OF THE 2ND |
San Jose Giants batting - Pitching for Harrisburg Senators : LHP Manny Ruiz
|
Batting: LHB Jared Paige
|
0-0: Ball 1-0: Foul Ball, location: 2F 1-1: Ball 2-1: Ball 3-1: SINGLE (Line Drive, 89S, EV 106.9 MPH)
|
Batting: LHB David Ramirez
|
0-0: Ball 1-0: Ball 2-0: Foul Ball, location: 2F 2-1: Foul Ball, location: 2F 2-2: Foul Ball, location: 2F 2-2: Strikes out swinging
|
Batting: RHB Matt Fenimore
|
0-0: Swinging Strike 0-1: SINGLE (Groundball, 56D, EV 108.8 MPH) Jared Paige to second
|
Batting: RHB Mike Jones
|
0-0: Ball 1-0: Called Strike 1-1: Called Strike 1-2: Foul Ball, location: 2F 1-2: Ball 2-2: Strikes out swinging
|
Batting: RHB Nick Wicker
|
0-0: Ball 1-0: Foul Ball, location: 2F 1-1: Reached on error, E5 (Groundball, 25, EV 85.0 MPH) Jared Paige to third Matt Fenimore to second
|
Batting: RHB Chris King
|
0-0: Ball 1-0: Ball 2-0: Ball 3-0: Base on Balls Jared Paige scores Matt Fenimore to third Nick Wicker to second
|
Batting: RHB Miguel Gonzalez
|
0-0: Ball 1-0: Foul Ball, location: 2F 1-1: Ground out 5-3 (Groundball, 5S, EV 90.0 MPH)
|
Top of the 2nd over - 1 run, 2 hits, 1 error, 3 left on base; San Jose 1 - Harrisburg 1 |
BOTTOM OF THE 2ND |
Harrisburg Senators batting - Pitching for San Jose Giants : RHP John Delaney
|
Batting: RHB Slavik Nebrodov
|
0-0: Ball 1-0: Foul Ball, location: 2F 1-1: Called Strike 1-2: Strikes out looking
|
Batting: RHB Pat Drader
|
0-0: SINGLE (Line Drive, 9S, EV 106.9 MPH)
|
Batting: LHB Shinji Adachi
|
0-0: Ball 1-0: Called Strike Pat Drader steals 2nd base (no throw) 1-1: Called Strike 1-2: Strikes out looking
|
Batting: LHB Kyung-jin Cho
|
0-0: Ball 1-0: DOUBLE (Groundball, 3L, EV 95.6 MPH) Pat Drader scores
|
Batting: RHB Kevin Whitenack
|
0-0: Foul Ball, location: 2F 0-1: Swinging Strike 0-2: Reached on error, E6 (Groundball, 56, EV 92.5 MPH) Kyung-jin Cho scores
|
Batting: LHB Nate Melendez
|
0-0: Fly out, F8 (Flyball, 8LD, EV 91.9 MPH)
|
Bottom of the 2nd over - 2 runs, 2 hits, 1 error, 1 left on base; San Jose 1 - Harrisburg 3 |
TOP OF THE 3RD |
San Jose Giants batting - Pitching for Harrisburg Senators : LHP Manny Ruiz
|
Batting: LHB Tony Galvan
|
0-0: Swinging Strike 0-1: Hit by Pitch
|
Batting: RHB Dave Crouch
|
0-0: Ball 1-0: Swinging Strike 1-1: Ball 2-1: Foul Ball, location: 2F 2-2: Fly out, F3 (Popup, 34S, EV 73.1 MPH)
|
Batting: LHB Jared Paige
|
0-0: Ball Tony Galvan is caught stealing 2nd base 2-6 1-0: Ball 2-0: Reached on error, E5 (Groundball, 56, EV 85.0 MPH)
|
Batting: LHB David Ramirez
|
0-0: Called Strike 0-1: Foul Ball, location: 2F 0-2: Ball Wild Pitch! Jared Paige to second 1-2: Foul Ball, location: 2F 1-2: Strikes out looking
|
Top of the 3rd over - 0 runs, 0 hits, 1 error, 1 left on base; San Jose 1 - Harrisburg 3 |
BOTTOM OF THE 3RD |
Harrisburg Senators batting - Pitching for San Jose Giants : RHP John Delaney
|
Batting: RHB Donovan Auclair
|
0-0: Called Strike 0-1: SINGLE (Flyball, 78M, EV 92.5 MPH)
|
Pitching: RHP Dan Post
|
|
Batting: SHB Alex Ethridge
|
0-0: Ball 1-0: Called Strike 1-1: Ball 2-1: SINGLE (Groundball, 25, EV 63.1 MPH) (infield hit) Donovan Auclair to second
|
Batting: LHB Evan Oliveri
|
0-0: Called Strike 0-1: Swinging Strike 0-2: Ball 1-2: Ball 2-2: Foul Ball, location: 2F 2-2: Ball 3-2: Foul Ball, location: 2F 3-2: Base on Balls Donovan Auclair to third Alex Ethridge to second
|
Batting: RHB Slavik Nebrodov
|
0-0: Ball 1-0: Foul Ball, location: 2F 1-1: Grounds into double play, 6-4-3 (Groundball, 6, EV 83.8 MPH) Donovan Auclair scores Alex Ethridge to third
|
Batting: RHB Pat Drader
|
0-0: Called Strike 0-1: Foul Ball, location: 2F 0-2: Foul Ball, location: 2F 0-2: Strikes out looking
|
Bottom of the 3rd over - 1 run, 2 hits, 0 errors, 1 left on base; San Jose 1 - Harrisburg 4 |
TOP OF THE 4TH |
San Jose Giants batting - Pitching for Harrisburg Senators : LHP Manny Ruiz
|
Batting: RHB Matt Fenimore
|
0-0: Fly out, F9 (Flyball, 9LSF, EV 81.9 MPH)
|
Batting: RHB Mike Jones
|
0-0: Ball 1-0: Called Strike 1-1: Ball 2-1: Called Strike 2-2: Strikes out looking
|
Batting: RHB Nick Wicker
|
0-0: Foul Ball, location: 2F 0-1: Ball 1-1: Fly out, F9 (Flyball, 89S, EV 91.9 MPH)
|
Top of the 4th over - 0 runs, 0 hits, 0 errors, 0 left on base; San Jose 1 - Harrisburg 4 |
BOTTOM OF THE 4TH |
Harrisburg Senators batting - Pitching for San Jose Giants : RHP Dan Post
|
Batting: LHB Shinji Adachi
|
0-0: Foul Ball, location: 2F 0-1: Ball 1-1: Ball 2-1: Foul Ball, location: 2F 2-2: Foul Ball, location: 2F 2-2: Ball 3-2: SINGLE (Groundball, 3D, EV 106.2 MPH)
|
Batting: LHB Kyung-jin Cho
|
0-0: Ball 1-0: Called Strike 1-1: Called Strike 1-2: Ball 2-2: Strikes out swinging
|
Batting: RHB Kevin Whitenack
|
0-0: Ball 1-0: Called Strike 1-1: Fielders Choice at 2nd, 5-4 (Groundball, 56, EV 90.6 MPH)
|
Batting: LHB Nate Melendez
|
0-0: Ball 1-0: Foul Ball, location: 2F 1-1: Ball Kevin Whitenack steals 2nd, throwing error, E2 Kevin Whitenack to third 2-1: Foul Ball, location: 2F 2-2: Ball 3-2: SINGLE (Groundball, 4, EV 93.8 MPH) Kevin Whitenack scores
|
Batting: RHB Donovan Auclair
|
0-0: Ball Nate Melendez steals 2nd base 1-0: Foul Ball, location: 2F 1-1: Ball 2-1: Swinging Strike 2-2: Ball 3-2: Strikes out swinging
|
Bottom of the 4th over - 1 run, 2 hits, 1 error, 1 left on base; San Jose 1 - Harrisburg 5 |
TOP OF THE 5TH |
San Jose Giants batting - Pitching for Harrisburg Senators : LHP Manny Ruiz
|
Batting: RHB Chris King
|
0-0: Called Strike 0-1: Called Strike 0-2: Ball 1-2: Reached via error on a dropped throw from SS, E3 (Groundball, 6, EV 80.6 MPH)
|
Batting: RHB Miguel Gonzalez
|
0-0: Ball 1-0: Called Strike 1-1: Ball 2-1: Ball 3-1: Foul Ball, location: 2F 3-2: Foul Ball, location: 2F 3-2: 2-RUN HOME RUN (Flyball, 7D, EV 96.2 MPH), Distance : 372 ft
|
Batting: LHB Tony Galvan
|
0-0: SINGLE (Line Drive, 7LS, EV 110.0 MPH)
|
Batting: RHB Dave Crouch
|
0-0: Called Strike 0-1: Foul Ball, location: 2F 0-2: Ball 1-2: Ball 2-2: Fly out, F8 (Flyball, 8LM, EV 84.4 MPH)
|
Batting: LHB Jared Paige
|
0-0: Ball 1-0: Foul Ball, location: 2F Pickoff Throw to First - Error! E1 Tony Galvan to second 1-1: Reached on error, E6 (Groundball, 56, EV 83.8 MPH) Tony Galvan to third
|
Pitching: RHP Alpha Miller
|
|
Batting: LHB David Ramirez
|
0-0: Ball 1-0: Called Strike 1-1: Foul Ball, location: 2F 1-2: Ball 2-2: Strikes out looking
|
Batting: RHB Matt Fenimore
|
0-0: Called Strike 0-1: Foul Ball, location: 2F 0-2: Strikes out looking
|
Top of the 5th over - 2 runs, 2 hits, 3 errors, 2 left on base; San Jose 3 - Harrisburg 5 |
BOTTOM OF THE 5TH |
Harrisburg Senators batting - Pitching for San Jose Giants : RHP Dan Post
|
Batting: SHB Alex Ethridge
|
0-0: Ball 1-0: Ball 2-0: Ground out 6-3 (Groundball, 6, EV 109.4 MPH)
|
Batting: LHB Evan Oliveri
|
0-0: Called Strike 0-1: Ball 1-1: Ball 2-1: Swinging Strike 2-2: Foul Ball, location: 2F 2-2: Strikes out looking
|
Batting: RHB Slavik Nebrodov
|
0-0: Called Strike 0-1: Fly out, F8 (Flyball, 89M, EV 98.8 MPH)
|
Bottom of the 5th over - 0 runs, 0 hits, 0 errors, 0 left on base; San Jose 3 - Harrisburg 5 |
TOP OF THE 6TH |
San Jose Giants batting - Pitching for Harrisburg Senators : RHP Alpha Miller
|
Batting: RHB Mike Jones
|
0-0: Called Strike 0-1: Swinging Strike 0-2: Ball 1-2: Ball 2-2: Ball 3-2: Base on Balls
|
Batting: RHB Nick Wicker
|
0-0: Ball 1-0: Foul Ball, location: 2F 1-1: Ball 2-1: Foul Ball, location: 2F 2-2: Ball 3-2: SINGLE (Groundball, 13S, EV 67.5 MPH) (infield hit) Mike Jones to second
|
Batting: RHB Chris King
|
0-0: Called Strike 0-1: Swinging Strike 0-2: Strikes out swinging
|
Batting: RHB Miguel Gonzalez
|
0-0: Called Strike 0-1: Fly out, F9 (Flyball, 9S, EV 87.5 MPH)
|
Batting: LHB Tony Galvan
|
0-0: Called Strike 0-1: Ball Wild Pitch! Mike Jones to third Nick Wicker to second 1-1: Ball 2-1: Swinging Strike 2-2: Ball 3-2: Strikes out swinging
|
Top of the 6th over - 0 runs, 1 hit, 0 errors, 2 left on base; San Jose 3 - Harrisburg 5 |
BOTTOM OF THE 6TH |
Harrisburg Senators batting - Pitching for San Jose Giants : RHP Dan Post
|
Pitching: LHP Matt Wass
|
|
Batting: RHB Pat Drader
|
0-0: Called Strike 0-1: Ball 1-1: Foul Ball, location: 2F 1-2: Ball 2-2: SINGLE (Flyball, 78S, EV 85.6 MPH)
|
Batting: LHB Shinji Adachi
|
0-0: Ball 1-0: Swinging Strike 1-1: Ball 2-1: Swinging Strike 2-2: Strikes out swinging
|
Batting: LHB Kyung-jin Cho
|
0-0: Ball 1-0: Called Strike Pat Drader is caught stealing 2nd base 2-6 1-1: Ball 2-1: Swinging Strike 2-2: Ball 3-2: Foul Ball, location: 2F 3-2: Foul Ball, location: 2F 3-2: SINGLE (Line Drive, 5D, EV 95.6 MPH)
|
Batting: RHB Kevin Whitenack
|
0-0: Called Strike 0-1: Foul Ball, location: 2F 0-2: Ball Passed Ball! Kyung-jin Cho to second 1-2: Ball 2-2: Fly out, F8 (Flyball, 8LM, EV 84.4 MPH)
|
Bottom of the 6th over - 0 runs, 2 hits, 0 errors, 1 left on base; San Jose 3 - Harrisburg 5 |
TOP OF THE 7TH |
San Jose Giants batting - Pitching for Harrisburg Senators : RHP Alpha Miller
|
Pitching: RHP Gilberto Ricalde
|
|
Batting: RHB Dave Crouch
|
0-0: Called Strike 0-1: Ball 1-1: Swinging Strike 1-2: Ball 2-2: Ground out 4-3 (Groundball, 4, EV 75.6 MPH)
|
Pitching: LHP Ian Bell
|
|
Batting: LHB Jared Paige
|
0-0: Called Strike 0-1: Ground out 6-3 (Groundball, 6, EV 81.9 MPH)
|
Batting: LHB David Ramirez
|
0-0: SINGLE (Line Drive, 9S, EV 101.9 MPH)
|
Pitching: RHP Salvador Medina
|
|
Batting: RHB Matt Fenimore
|
0-0: Ball David Ramirez is caught stealing 2nd base 2-4
|
Top of the 7th over - 0 runs, 1 hit, 0 errors, 0 left on base; San Jose 3 - Harrisburg 5 |
BOTTOM OF THE 7TH |
Harrisburg Senators batting - Pitching for San Jose Giants : LHP Matt Wass
|
Batting: LHB Nate Melendez
|
0-0: Hit by Pitch
|
Batting: RHB Donovan Auclair
|
0-0: Ball 1-0: Called Strike 1-1: Called Strike 1-2: Ball 2-2: Fielders Choice at 2nd, 4-6 (Groundball, 4, EV 110.0 MPH)
|
Batting: SHB Alex Ethridge
|
0-0: Ball 1-0: Foul Ball, location: 2F 1-1: Ball 2-1: Ball 3-1: Grounds into double play, 6-4-3 (Groundball, 6, EV 85.0 MPH)
|
Bottom of the 7th over - 0 runs, 0 hits, 0 errors, 0 left on base; San Jose 3 - Harrisburg 5 |
TOP OF THE 8TH |
San Jose Giants batting - Pitching for Harrisburg Senators : RHP Salvador Medina
|
Batting: RHB Matt Fenimore
|
0-0: SINGLE (Line Drive, 34D, EV 100.6 MPH)
|
Batting: RHB Mike Jones
|
0-0: Ball 1-0: Ball 2-0: Ball 3-0: Called Strike 3-1: Swinging Strike 3-2: Base on Balls Matt Fenimore to second
|
Pinch Hitting: LHB Juan Gonzalez
|
0-0: Ball 1-0: Sac Bunt to 2L - play at first, batter OUT! 2-3 Matt Fenimore to third Mike Jones to second
|
Pitching: RHP Alex Vasquez
|
|
Batting: RHB Chris King
|
0-0: Called Strike 0-1: Called Strike 0-2: Strikes out swinging
|
Batting: RHB Miguel Gonzalez
|
0-0: Called Strike 0-1: Foul Ball, location: 2F 0-2: Ball 1-2: Foul Ball, location: 2F 1-2: Ball 2-2: Ball 3-2: Strikes out swinging
|
Top of the 8th over - 0 runs, 1 hit, 0 errors, 2 left on base; San Jose 3 - Harrisburg 5 |
BOTTOM OF THE 8TH |
Harrisburg Senators batting - Pitching for San Jose Giants : LHP Matt Wass
|
Pitching: RHP Lorenzo Merjil
|
|
Now at 3B: Dinand Brouwer
|
|
Batting: LHB Evan Oliveri
|
0-0: Foul Ball, location: 2F 0-1: Ball 1-1: Foul Ball, location: 2F 1-2: Ball 2-2: Foul Ball, location: 2F 2-2: SINGLE (Flyball, 9LM, EV 88.8 MPH)
|
Batting: RHB Slavik Nebrodov
|
0-0: Ball 1-0: Ball Evan Oliveri steals 2nd base 2-0: Foul Ball, location: 2F 2-1: Ball 3-1: Called Strike 3-2: SINGLE (Groundball, 6MD, EV 105.6 MPH) Evan Oliveri to third
|
Batting: RHB Pat Drader
|
0-0: Ball 1-0: Called Strike 1-1: Ball 2-1: Called Strike 2-2: Fly out, F8 (Flyball, 8LD, EV 106.9 MPH) Runner from 3rd tags up, SCORES, throw by CF
|
Batting: LHB Shinji Adachi
|
0-0: Called Strike 0-1: Ball 1-1: Foul Ball, location: 2F 1-2: Strikes out swinging
|
Batting: LHB Kyung-jin Cho
|
0-0: Called Strike 0-1: Ball 1-1: Ball 2-1: Foul Ball, location: 2F 2-2: Ball 3-2: Foul Ball, location: 2F 3-2: DOUBLE (Flyball, 8RXD, EV 105.0 MPH) Slavik Nebrodov to third Slavik Nebrodov scores
|
Pitching: RHP Evan Boy
|
|
Batting: RHB Kevin Whitenack
|
0-0: Swinging Strike 0-1: Foul Ball, location: 2F 0-2: Ball 1-2: Ball 2-2: Foul Ball, location: 2F 2-2: Ball 3-2: Base on Balls
|
Batting: LHB Nate Melendez
|
0-0: Foul Ball, location: 2F 0-1: Ball 1-1: Foul Ball, location: 2F 1-2: Ground out 4-3 (Groundball, 34, EV 105.6 MPH)
|
Bottom of the 8th over - 2 runs, 3 hits, 0 errors, 2 left on base; San Jose 3 - Harrisburg 7 |
TOP OF THE 9TH |
San Jose Giants batting - Pitching for Harrisburg Senators : RHP Alex Vasquez
|
Batting: LHB Tony Galvan
|
0-0: Called Strike 0-1: Ball 1-1: Foul Ball, location: 2F 1-2: Ball 2-2: Ground out U3 (Groundball, 34, EV 85.6 MPH)
|
Batting: RHB Dave Crouch
|
0-0: Foul Ball, location: 2F 0-1: Ball 1-1: Ball 2-1: Swinging Strike 2-2: Ball 3-2: Foul Ball, location: 2F 3-2: Foul Ball, location: 2F 3-2: Foul Ball, location: 2F 3-2: Foul Ball, location: 2F 3-2: Strikes out looking
|
Batting: LHB Jared Paige
|
0-0: Ball 1-0: Called Strike 1-1: Foul Ball, location: 2F 1-2: Strikes out swinging
|
Top of the 9th over - 0 runs, 0 hits, 0 errors, 0 left on base; San Jose 3 - Harrisburg 7 |
|